cohdb
Replays
Latest Replays
All Replays
Popular Replays
Top Player Replays
Match Explorer
How It Works
Community
CoH3 Stats
Reddit
Sign in to upload your games and track your stats! →
Sign in with Steam
Match 41269048
Unlisted
Match 41269048
Overview
Messages
Build Orders
End
Selects Italian Coastal Battlegroup
Selects Coastal Reserves
Coastal Reserve
Construct Infanterie Kompanie
Coastal Reserve
MG 42 Machine Gun Team
Construct Panzergrenadier Kompanie
MG 42 Bunker
Coastal Reserve
Selects Support Bunkers
Support Elements
Medical Bunker
Nebelwerfer 42 Rocket Launcher Team
Selects Artillery Officer
Artillery Officer
Selects Designated Artillery Overwatch
Designated Artillery Overwatch
Coastal Reserve
Construct Panzer Kompanie
Pak 40 Anti-tank Gun Team
Selects Bulwark
Panzer IV Medium Tank
KAIE
Husar
Deichgranate
迷糊的春风
ผมชื่อตาย
菊部有小血
GodoSaurio
晋绥军358团团长楚云飞
0
0
Comments
sign in to comment!
No comments posted yet!